 Dungeon Crawl Stone Soup version 0.21.1-1-g345015fe64 (webtiles) character file.

53 Gargoyl the Skirmisher (level 3, -9/31 HPs)
             Began as a Centaur Abyssal Knight on June 10, 2018.
             Was a Follower of Lugonu.
             Mangled by a gnoll
             ... wielding a +0 flail
              (10 damage)
             ... on level 3 of the Dungeon.
             The game lasted 00:02:01 (1987 turns).

Gargoyl the Skirmisher (Centaur Abyssal Knight)     Turns: 1987, Time: 00:02:02

Health: -9/31      AC:  5    Str: 14    XL:     3   Next: 62%
Magic:  4/4        EV:  8    Int: 11    God:    Lugonu [*.....]
Gold:   145        SH:  0    Dex:  9    Spells: 2/2 levels left

rFire    . . .     SeeInvis .   a - +1 hand axe
rCold    . . .     Gourm    .   (no shield)
rNeg     . . .     Faith    .   k - +0 ring mail
rPois    .         Spirit   .   (no helmet)
rElec    .         Reflect  .   (no cloak)
rCorr    .         Harm     .   (no gloves)
MR       .....                  (no barding)
Stlth    ..........             (no amulet)
HPRegen  0.10/turn              (no ring)
MPRegen  0.09/turn              (no ring)

@: very quick
A: large, hooves 3, deformed body, speed 2, tough skin 3
a: Depart the Abyss, Renounce Religion


You were on level 3 of the Dungeon.
You worshipped Lugonu.
Lugonu was aware of your devotion.
You were not hungry.

You visited 1 branch of the dungeon, and saw 3 of its levels.
You visited the Abyss 1 time.

You collected 145 gold pieces.

Inventory:

Hand Weapons
 a - a +1 hand axe (weapon)
Armour
 b - a +0 leather armour
 k - a +0 ring mail (worn)
Jewellery
 g - an uncursed amulet of magic regeneration {unknown}
Scrolls
 f - 2 scrolls of remove curse {unknown}
 j - 2 scrolls of identify {unknown}
 l - a scroll of fear {unknown}
 n - a scroll of enchant armour {unknown}
 p - a scroll of amnesia {unknown}
Potions
 d - 3 potions of curing
 e - a potion of flight {unknown}
 h - a potion of agility {unknown}
 i - a potion of cancellation {unknown}
 m - a potion of resistance {unknown}
 o - a potion of berserk rage {unknown}
Comestibles
 c - 3 rations


   Skills:
 + Level 3.6 Fighting
 + Level 2.4 Axes
 * Level 2.0 Armour
 + Level 0.7 Dodging
 * Level 2.2 Invocations


You had 2 spell levels left.
You didn't know any spells.

Dungeon Overview and Level Annotations

Branches:
Dungeon (3/15)

Altars:
Ru


Innate Abilities, Weirdness & Mutations

You have hooves in place of feet.
Armour fits poorly on your strangely shaped body.
You cover ground very quickly.
You have extremely tough skin. (AC +3)


Message History

You barely miss the gnoll. Your kick misses the gnoll.
The gnoll is heavily wounded.
You barely miss the gnoll. x2; The gnoll barely misses you.
The gnoll hits you with a whip! The gnoll hits you but does no damage.
The gnoll hits you.
Unknown command.
You hit the gnoll.
The gnoll is heavily wounded.
You hit the gnoll. x2; The gnoll closely misses you.
The gnoll hits you with a flail!
* * * LOW HITPOINT WARNING * * *
The gnoll hits you.
* * * LOW HITPOINT WARNING * * *
The gnoll hits you with a whip.
* * * LOW HITPOINT WARNING * * *
You barely miss the gnoll.
The gnoll is heavily wounded.
You hit the gnoll. You hit the gnoll but do no damage.
The gnoll hits you with a flail!
You die...

#####
#...#
##.<.#
#....#
##...##
#.#....#
#..ggg##
..g...♣@#
.?.....g#
....#....
######...#
#....
##.>.#
#...#
#####


You could see 4 gnolls.

Vanquished Creatures
  2 adders (D:2)
  An ooze (D:1)
  2 giant cockroaches
  4 goblins
  4 hobgoblins
  3 jackals (D:2)
  A quokka (D:2)
  2 ball pythons (D:3)
  3 bats
  2 frilled lizards
  A kobold (D:3)
  3 rats
28 creatures vanquished.

Vanquished Creatures (others)
  2 starspawn tentacles (Abyss:1)
2 creatures vanquished.

Grand Total: 30 creatures vanquished

Notes
Turn   | Place    | Note
-------+----------+-------------------------------------------
     0 | Abyss:1  | Gargoyl the Centaur Abyssal Knight began the quest for the Orb.
     0 | Abyss:1  | Reached XP level 1. HP: 19/19 MP: 2/2
    85 | Abyss:1  | Noticed a raiju
    96 | Abyss:1  | Noticed a tentacled starspawn
   103 | Abyss:1  | Noticed a guardian serpent
   120 | Abyss:1  | Noticed an iron imp
   130 | D:1      | Escaped the Abyss
   554 | D:1      | Reached XP level 2. HP: 25/26 MP: 3/3
   998 | D:2      | Reached * piety under Lugonu
  1235 | D:2      | Reached XP level 3. HP: 12/31 MP: 4/4
  1709 | D:2      | Found a sacrificial altar of Ru.
  1986 | D:3      | HP: 1/31 [gnoll/whip (1)]
  1987 | D:3      | Mangled by a gnoll

Skill      XL: |  1  2  3 |
---------------+----------+-----
Axes           | 2 |  2.4
Armour         | 2 |  2.0
Fighting       | |  3.6
Dodging        | |  0.7
Invocations    | |  2.2

Action                   || total
-------------------------++-------
Melee: Hand axe          ||    95
       Kick              ||     8
Invok: Depart the Abyss  ||     1
  Use: Potion            ||     1
  Eat: Ration            ||     1
Armor: Leather armour    ||    21
       Ring mail         ||    39
Dodge: Dodged            ||    53
